 Dungeon Crawl Stone Soup version 0.29.0-13-gc9e81de378 (webtiles) character file.

Game seed: 16968901364555869831

8866 groovy9 the Cleaver (level 11, -1/97 HPs)
             Began as a Hill Orc Fighter on Sept 11, 2022.
             Was a High Priest of Okawaru.
             Slain by an elephant (14 damage)
             ... on level 1 of the Lair of Beasts.
             The game lasted 00:30:04 (8663 turns).

groovy9 the Cleaver (Hill Orc Fighter)              Turns: 8663, Time: 00:30:04

Health: -1/97      AC: 13    Str: 27    XL:     11   Next: 37%
Magic:  17/17      EV: 10    Int:  8    God:    Okawaru [*****.]
Gold:   651        SH: 10    Dex: 10    Spells: 10/10 levels left

rFire   . . .      SeeInvis .   a - +5 war axe (spect)
rCold   . . .      Faith    .   c - +0 buckler
rNeg    + . .      Spirit   .   u - +0 ring mail {rPois}
rPois   +          Reflect  +   r - +1 helmet
rElec   .          Harm     .   v - +1 cloak
rCorr   +          Rampage  .   (no gloves)
Will    .....                   f - +0 pair of boots
Stlth   ..........              C - amulet of reflection
HPRegen 0.26/turn               x - ring of positive energy
MPRegen 0.15/turn               G - ring "Ompurphav" {Fly rCorr Str+3}

@: flying, studying Polearms
A: no striking features
a: Renounce Religion, Heroism, Finesse, Duel


You were on level 1 of the Lair of Beasts.
You worshipped Okawaru.
Okawaru was extremely pleased with you.
You visited 3 branches of the dungeon, and saw 10 of its levels.
You also visited: Ossuary.

You collected 761 gold pieces.
You spent 110 gold pieces at shops.

Inventory:

Hand Weapons
 a - a +5 spectral war axe (weapon)
Missiles
 k - a throwing net (quivered)
Armour
 c - a +0 buckler (worn)
 f - a +0 pair of boots (worn)
 r - a +1 helmet (worn)
 u - a +0 ring mail of poison resistance (worn)
 v - a +1 cloak (worn)
Jewellery
 x - a ring of positive energy (left hand)
 C - an amulet of reflection (around neck)
 G - the ring "Ompurphav" (right hand) {Fly rCorr Str+3}
   (You acquired it on level 8 of the Dungeon)

   [ring of flight]

   Str:       It affects your strength (+3).
   Fly:       It grants you flight.
   rCorr:     It protects you from acid and corrosion.
 H - a +6 ring of dexterity
Wands
 D - a wand of iceblast (12)
 F - a wand of digging (1)
Scrolls
 e - 2 scrolls of brand weapon
 g - a scroll of teleportation
 p - 4 scrolls of butterflies
 q - 4 scrolls of amnesia
 t - a scroll of enchant weapon
 y - 3 scrolls of identify
 z - a scroll of enchant armour
Potions
 b - a potion of resistance
 d - 5 potions of attraction
 h - 4 potions of mutation
 i - 3 potions of degeneration
 j - 3 potions of brilliance
 l - 8 potions of curing
 m - 3 potions of berserk rage
 n - a potion of heal wounds
 o - a potion of flight {unknown}
 s - a potion of might
 A - a potion of ambrosia
 B - 2 potions of magic
 E - a potion of lignification
Miscellaneous
 I - a condenser vane


   Skills:
 + Level 9.3 Fighting
 + Level 13.3 Axes
 + Level 8.6 Armour
 + Level 8.4 Shields
 * Level 9.2 Invocations


You had 10 spell levels left.
You didn't know any spells.
Your spell library contained the following spells:

 Spells                   Type           Power      Damage    Failure   Level
 Sandblast                Erth           0%         2d4       58%         1
 Sting                    Tmut/Pois      0%         1d3       58%         1
 Passwall                 Tmut/Erth      0%         N/A       75%         2
 Poisonous Vapours        Pois/Air       0%         N/A       75%         2
 Scorch                   Fire           0%         2d5       75%         2
 Portal Projectile        Hex/Tloc       0%         N/A       92%         3
 Stone Arrow              Conj/Erth      0%         3d7       92%         3
 Flame Wave               Conj/Fire      0%         2d4       100%        4
 Leda's Liquefaction      Hex/Erth       0%         N/A       100%        4
 Olgreb's Toxic Radiance  Pois           0%         N/A       100%        4
 Lee's Rapid Deconstruct  Erth           0%         3d5*      100%        5
 Statue Form              Tmut/Erth      0%         N/A       100%        6
 Call Canine Familiar     Summ           Unusable   N/A       N/A         3
 Summon Cactus Giant      Summ           Unusable   N/A       N/A         6

Dungeon Overview and Level Annotations

Branches:
Dungeon (8/15)             Temple (1/1) D:6            Lair (1/5) D:8
Ossuary (visited)

Altars:
Ashenzari
Cheibriados
Dithmenos
Elyvilon
Fedhas
Gozag
Hepliaklqana
Makhleb
Nemelex Xobeh
Okawaru
Qazlal
Ru
Sif Muna
Trog
Uskayaw
Vehumet
Wu Jian
Xom
Yredelemnul
Zin
The Shining One

Shops:
D:2 !   D:4 !


Message History

The elephant completely misses your +5 spectral war axe.
The elephant trunk-slaps your +5 spectral war axe but does no damage.
You barely miss the elephant.
The elephant is severely wounded.
Your +5 spectral war axe hits the elephant! x2
The elephant tramples your +5 spectral war axe.
Your spectral weapon shares its damage with you!
Your +5 spectral war axe holds its ground!
The elephant trunk-slaps your +5 spectral war axe.
Your spectral weapon shares its damage with you!
The elephant closely misses your +5 spectral war axe.
The elephant trunk-slaps your +5 spectral war axe.
You slash the elephant!
You kill the elephant!
Okawaru accepts your kill.
You can now enter into single combat with a foe.
Okawaru will now gift you equipment as you gain piety.
You slash the elephant!
The elephant is lightly wounded.
You hit the elephant. The elephant tramples you!
You hold your ground!
The elephant trunk-slaps you but does no damage.
You block the elephant's attack. x2
You slash the elephant!
The elephant is moderately wounded.
You hit the elephant. The elephant tramples you!
* * * LOW HITPOINT WARNING * * *
You hold your ground!
The elephant barely misses you. You block the elephant's attack.
The elephant trunk-slaps you.
* * * LOW HITPOINT WARNING * * *
You slash the elephant!
The elephant is severely wounded.
You hit the elephant but do no damage. You slash the elephant!
The elephant is almost dead.
You slash the elephant! The elephant tramples you!
* * * LOW HITPOINT WARNING * * *
You hold your ground!
The elephant trunk-slaps you but does no damage.
The elephant tramples you!
You die...

#...# #..## #..##
#...# #####...#
......#.##
.........#
#.........###
#.........Y@#
.......^..Y##
.........#....#
........##......#
.......## #......
......[ ......
...... ......
.... ..... ...?.


You could see 2 elephants.

Vanquished Creatures
  A hydra (Lair:1)
  Erica (D:8)
  A death yak (Lair:1)
  Pikel (D:4)
  4 elephants (Lair:1)
  Grinder (D:3)
  Sigmund (D:4)
  5 yaks
  2 wyverns (Lair:1)
  A basilisk (Lair:1)
  A steam dragon (D:8)
  2 wargs (D:8)
  4 water moccasins
  An orc warrior (D:8)
  2 ice beasts
  2 sky beasts (D:7)
  4 black bears
  An ogre (D:4)
  A centaur (D:7)
  4 lemures (D:4)
  3 phantoms
  A kobold brigand (D:8)
  A bullfrog (D:7)
  A necrophage (D:7)
  5 scorpions
  6 wights (D:7)
  5 killer bees (D:8)
  A howler monkey (D:6)
  3 hounds
  3 orc priests (D:8)
  2 jellies
  A gnoll bouda (D:3)
  An iguana (D:4)
  3 orc wizards
  9 mummies
  10 adders
  7 gnolls
  A river rat (D:3)
  3 shadow imps
  2 white imps (D:7)
  An ufetubus (D:5)
  11 worms
  2 dart slugs
  20 orcs
  3 ball pythons
  11 endoplasms
  8 hobgoblins
  5 jackals
  6 quokkas
  7 bats
  A frilled lizard (D:3)
  15 goblins
  2 hobgoblin zombies (Ossuary)
  8 kobolds
  3 kobold zombies (Ossuary)
  3 orc zombies (Ossuary)
  9 rats
223 creatures vanquished.

Vanquished Creatures (others)
  A bush (Lair:1)
  5 plants
  14 toadstools (D:1)
20 creatures vanquished.

Grand Total: 243 creatures vanquished

Notes
Turn   | Place    | Note
-------+----------+-------------------------------------------
     0 | D:1      | groovy9 the Hill Orc Fighter began the quest for the Orb.
     0 | D:1      | Reached XP level 1. HP: 19/19 MP: 1/1
   124 | D:1      | Reached skill level 3 in Axes
   314 | D:1      | Reached XP level 2. HP: 23/26 MP: 2/2
   583 | D:1      | Found a faded altar of an unknown god.
   587 | D:1      | Reached skill level 4 in Axes
   712 | D:1      | Got Plato's Codex of Transformation
   790 | D:1      | Reached XP level 3. HP: 31/31 MP: 3/3
  1238 | D:2      | Found Jurchox's Distillery.
  1313 | D:2      | Reached skill level 5 in Axes
  2120 | D:3      | Reached XP level 4. HP: 35/39 MP: 4/4
  2123 | D:3      | Reached skill level 6 in Axes
  2178 | D:3      | Found a shimmering blue altar of Sif Muna.
  2356 | D:3      | Reached XP level 5. HP: 45/45 MP: 5/5
  2436 | D:3      | Noticed Grinder
  2444 | D:3      | Killed Grinder
  2445 | D:3      | Reached skill level 8 in Axes
  2445 | D:3      | Reached XP level 6. HP: 44/51 MP: 6/6
  2540 | D:3      | Reached skill level 9 in Axes
  2772 | D:3      | Found a blossoming altar of Fedhas.
  2958 | D:3      | Noticed a black bear
  2963 | D:3      | Killed a black bear
  2964 | D:3      | Reached XP level 7. HP: 57/57 MP: 7/7
  3217 | D:4      | Found Donniagh's Distillery.
  3223 | D:4      | Bought a potion of heal wounds for 55 gold pieces
  3223 | D:4      | Bought a potion of heal wounds for 55 gold pieces
  3255 | D:4      | Noticed Pikel
  3270 | D:4      | Killed Pikel
  3271 | D:4      | Reached skill level 10 in Axes
  3271 | D:4      | Reached XP level 8. HP: 59/67 MP: 8/8
  3483 | D:4      | Reached skill level 5 in Fighting
  3652 | D:4      | Noticed Sigmund
  3667 | D:4      | Killed Sigmund
  3727 | D:4      | Reached skill level 5 in Armour
  3727 | D:4      | Reached skill level 5 in Shields
  4189 | D:4      | Found a shimmering altar of Xom.
  4189 | D:4      | Found a sparkling altar of Nemelex Xobeh.
  4343 | D:5      | Entered Level 5 of the Dungeon
  4426 | D:5      | Reached skill level 11 in Axes
  4684 | D:5      | Found a sand-covered staircase.
  4695 | Ossuary  | Entered an ossuary
  4774 | Ossuary  | Reached XP level 9. HP: 75/75 MP: 9/9
  5838 | D:6      | Found a staircase to the Ecumenical Temple.
  5896 | Temple   | Entered the Ecumenical Temple
  5907 | Temple   | Became a worshipper of Warmaster Okawaru
  6260 | D:7      | Found a hide-covered altar of Uskayaw.
  6272 | D:7      | Reached skill level 1 in Invocations
  6488 | D:7      | Reached skill level 12 in Axes
  6498 | D:7      | Reached * piety under Okawaru
  6687 | D:7      | Reached XP level 10. HP: 83/86 MP: 11/13
  6840 | D:7      | Reached skill level 5 in Invocations
  7540 | D:8      | Reached ** piety under Okawaru
  7587 | D:8      | Found a staircase to the Lair.
  7672 | D:8      | Noticed Erica
  7688 | D:8      | Killed Erica
  7815 | D:8      | Identified a scroll of acquirement
  7824 | D:8      | Acquired the ring "Ompurphav" {Fly rCorr Str+3}
  7996 | D:8      | Reached *** piety under Okawaru
  8121 | Lair:1   | Entered Level 1 of the Lair of Beasts
  8341 | Lair:1   | Noticed a death yak
  8349 | Lair:1   | Killed a death yak
  8349 | Lair:1   | Reached **** piety under Okawaru
  8350 | Lair:1   | Reached skill level 13 in Axes
  8350 | Lair:1   | Reached XP level 11. HP: 95/95 MP: 15/17
  8386 | Lair:1   | Noticed a six-headed hydra
  8399 | Lair:1   | HP: 4/95 [11-headed hydra (2)]
  8400 | Lair:1   | Killed a 12-headed hydra
  8659 | Lair:1   | Reached ***** piety under Okawaru
  8663 | Lair:1   | Slain by an elephant

Illustrated notes

Levels and vault maps discovered:
D:1:      nagdon_arrival_zigzag_paths, layout_loops_ring,
          shapermc_ecumenical_altar_rom_forum, lemuel_old_faithful
D:2:      layout_loops_corners, serial_shops, shop, serial_bayou_pond_d,
          mrwooster_statue_mirror
D:3:      minmay_skewed_foursquare, layout_loops_cross,
          nicolae_sif_muna_condensation, fedhas_altar_1,
          gup_sewer_entry_bubbles, minmay_joined_circles, uniq_grinder
D:4:      layout_loops_corners, gammafunk_temple_overflow_wave, serial_shops,
          shop, nicolae_wormholes, uniq_pikel, uniq_sigmund
D:5:      layout_basic, gup_ossuary_entry_pyramid
D:6:      layout_cave_pools, minmay_temple_entry_junction_2
D:7:      layout_rooms, mainiacjoe_overflow_cross_hatched, minmay_manual_mail
D:8:      layout_gridville, erik_lair_orcish_takeover, uniq_erica
Temple:   eino_temple_rhombus
Lair:1:   layout_cave_pods, minmay_shattered_shrine

Skill      XL: |  1  2  3  4  5  6  7  8  9 10 11 |
---------------+----------------------------------+-----
Axes           | 3 4 5 6 8 9 10 11 12 13 | 13.3
Fighting       | 4 6 7 8 9 |  9.3
Armour         | 4 5 7 8 |  8.6
Shields        | 4 5 7 8 |  8.4
Invocations    | 4 8 9 |  9.2

Action                   |  1- 3 |  4- 6 |  7- 9 | 10-12 || total
-------------------------+-------+-------+-------+-------++-------
Melee: War axe           |    55 |    58 |   156 |   109 ||   378
  Use: Scroll            |    10 |       |    11 |     6 ||    27
       Potion            |     2 |       |     3 |     3 ||     8
 Stab: Distracted        |       |       |     2 |     1 ||     3
Armor: Scale mail        |     7 |    13 |    11 |       ||    31
       Ring mail         |       |       |    23 |    45 ||    68
Dodge: Dodged            |    28 |    25 |    35 |    38 ||   126
Block: Buckler           |    13 |    11 |    18 |    50 ||    92
       Reflection        |       |       |     1 |     2 ||     3
